 Dungeon Crawl Stone Soup version 0.24-a0-249-g2af7e837d0 (webtiles) character file.

Game seed: 10100101404872604788

955 Redear the Combatant (level 7, -4/54 HPs)
             Began as a Demonspawn Skald on Apr 13, 2019.
             Was a Follower of Okawaru.
             Killed from afar by an orc wizard (6 damage)
             ... with a magic dart
             ... on level 6 of the Dungeon.
             The game lasted 00:09:16 (5322 turns).

Redear the Combatant (Demonspawn Skald)             Turns: 5322, Time: 00:09:17

Health: -4/54      AC:  7    Str: 13    XL:     7   Next: 91%
Magic:  13/13      EV: 13    Int: 14    God:    Okawaru [*.....]
Gold:   351        SH:  0    Dex: 13    Spells: 9/10 levels left

rFire    . . .     SeeInvis .   a - +0 falchion
rCold    + . .     Gourm    .   (no shield)
rNeg     . . .     Faith    .   b - +0 leather armour
rPois    .         Spirit   .   s - +2 hat
rElec    .         Reflect  .   y - scarf {repulsion}
rCorr    .         Harm     .   v - +0 pair of gloves (curse)
MR       .....                  A - +0 pair of boots
Stlth    ++........             C - amulet of rage {+Rage}
HPRegen  0.18/turn              x - ring of stealth {Stlth+}
MPRegen  0.13/turn              (no ring)

@: repel missiles
A: cold resistance 1, spiny 2, sturdy frame 1
a: Heroism, Renounce Religion, Evoke Berserk Rage


You were on level 6 of the Dungeon.
You worshipped Okawaru.
Okawaru was aware of your devotion.
You were not hungry.

You visited 2 branches of the dungeon, and saw 7 of its levels.

You collected 351 gold pieces.

Inventory:

Hand Weapons
 a - a +0 falchion (weapon)
Missiles
 Z - a throwing net (quivered) {+f}
Armour
 b - a +0 leather armour (worn)
 s - a +2 hat (worn)
 v - a cursed +0 pair of gloves (worn)
 y - a scarf of repulsion (worn)
 A - a +0 pair of boots (worn)
Jewellery
 w - the amulet "Suusamej" {Inacc Int-2 Dex+6}
   (You found it on level 4 of the Dungeon)

   [amulet of inaccuracy]

   It reduces the accuracy of all your attacks.
   It affects your intelligence (-2).
   It affects your dexterity (+6).
 x - a ring of stealth (left hand) {Stlth+}
 C - an amulet of rage (around neck) {+Rage}
Wands
 P - a wand of paralysis (9)
 V - a wand of flame (4)
Scrolls
 c - 7 scrolls of remove curse {unknown}
 d - 8 scrolls of identify {unknown}
 e - 2 scrolls of immolation {unknown}
 f - 3 scrolls of fog {unknown}
 l - a scroll of fear {unknown}
 n - 2 scrolls of teleportation {unknown}
 o - a scroll of blinking {unknown}
 p - a scroll of enchant weapon {unknown}
 q - 2 scrolls of amnesia {unknown}
 r - 4 scrolls of magic mapping {unknown}
Potions
 h - 2 potions of lignification {unknown}
 i - a potion of curing {unknown}
 j - a potion of degeneration {unknown}
 t - a potion of might {unknown}
 u - a potion of haste {unknown}
 B - a potion of magic {unknown}
Comestibles
 k - 5 chunks of flesh
 z - 14 rations


   Skills:
 - Level 4.0 Fighting
 - Level 3.7 Long Blades
 - Level 0.8 Armour
 - Level 3.6 Dodging
 - Level 2.0 Spellcasting
 - Level 2.6 Charms
 + Level 8.5 Invocations


You had 9 spell levels left.
You knew the following spells:

 Your Spells              Type           Power        Failure   Level  Hunger
z - Infusion              Chrm           #...         9%          1    ##.....

Your spell library contained the following spells:

 Spells                   Type           Power        Failure   Level  Hunger
 Song of Slaying          Chrm           #.......     12%         2    ###....
 Shroud of Golubria       Chrm/Tloc      #.........   22%         2    ###....
 Beastly Appendage        Tmut           #.....       24%         1    ##.....
 Sticks to Snakes         Tmut           #.......     36%         2    ###....
 Regeneration             Chrm/Necr      #.........   38%         3    ####...
 Spectral Weapon          Hex/Chrm       #.......     38%         3    ####...
 Spider Form              Tmut/Pois      #.........   58%         3    ####...
 Ice Form                 Ice/Tmut       #.......     94%         4    #####..
 Blade Hands              Tmut           #.........   100%        5    ######.


Dungeon Overview and Level Annotations

Branches:
Dungeon (6/15)             Temple (1/1) D:4

Altars:
Ashenzari
Cheibriados
Dithmenos
Elyvilon
Fedhas
Gozag
Hepliaklqana
Kikubaaqudgha
Makhleb
Nemelex Xobeh
Okawaru
Qazlal
Ru
Sif Muna
Trog
Vehumet
Wu Jian
Xom
Yredelemnul
Zin
The Shining One

Annotations:
D:2 1 runed translucent door, Crazy Yiuf


Innate Abilities, Weirdness & Mutations

Your flesh is cold resistant. (rC+)
You are mostly covered in sharp spines.
Your movements are slightly less encumbered by armour. (ER -2)


Message History

An orc wizard appears from thin air!
Reactivating autopickup.
The orc wizard mumbles some strange words.
The orc wizard flickers and vanishes!
Deactivating autopickup; reactivate with Ctrl-A.
You hear some strange, mumbled words.
The orc warrior hits you with a +0 scimitar!
* * * LOW HITPOINT WARNING * * *
You take 16 damage, and have 5/54 hp.
MASSIVE DAMAGE!!
You hear some strange, mumbled words.
You see here 22 stones.
Things that are here:
a helmet; a +0 cloak A puff of flame appears from out of thin air!
The puff of flame hits you!
* * * LOW HITPOINT WARNING * * *
You take 8 damage, and have 2/54 hp.
A magic dart appears from out of thin air!
The magic dart hits you.
You die...

###### #...)####
#.##....#
######.##....###
#.(.)..........#########
#.####..@..o...........#
#<# ##.........#######.#
#.# #........### ##.##
#.# ##.......# #..{. #.#
##.##.### #..## #.#
####.# #.... #.# #.#
#.##. #.# ##+## #.##.
#.# ##...## #....


You could see an orc warrior.

Vanquished Creatures
  An orc warrior (D:6)
  A black bear (D:6)
  A phantom (D:4)
  A centaur (D:6)
  3 bullfrogs (D:6)
  A howler monkey (D:5)
  2 crimson imps
  2 hounds (D:6)
  2 orc wizards (D:6)
  A worker ant (D:6)
  A hound zombie (D:6)
  5 adders
  An ooze (D:2)
  2 worms (D:2)
  2 dart slugs (D:1)
  3 leopard geckos
  12 orcs
  6 bats
  3 giant cockroaches
  5 goblins
  7 hobgoblins
  13 jackals
  3 quokkas
  2 ball pythons
  A frilled lizard (D:1)
  9 kobolds
  A quokka zombie (D:5)
  11 rats
102 creatures vanquished.

Notes
Turn   | Place    | Note
-------+----------+-------------------------------------------
     0 | D:1      | Redear the Demonspawn Skald began the quest for the Orb.
     0 | D:1      | Reached XP level 1. HP: 16/16 MP: 3/3
    27 | D:1      | Reached skill level 2 in Long Blades
    76 | D:1      | Reached skill level 2 in Dodging
   130 | D:1      | Gained mutation: Your flesh is cold resistant. (rC+)
                  | [demonic ancestry]
   130 | D:1      | Reached XP level 2. HP: 7/22 MP: 5/5
   555 | D:1      | Gained mutation: You are partially covered in sharp spines.
                  | [demonic ancestry]
   555 | D:1      | Reached XP level 3. HP: 19/28 MP: 6/6
  1310 | D:2      | Reached skill level 3 in Fighting
  1310 | D:2      | Gained mutation: Your movements are slightly less
                  | encumbered by armour. (ER -2) [demonic ancestry]
  1310 | D:2      | Reached XP level 4. HP: 31/35 MP: 7/7
  1625 | D:2      | Found a runed translucent door.
  1626 | D:2      | Noticed Crazy Yiuf
  2118 | D:3      | Reached skill level 3 in Long Blades
  2236 | D:3      | Reached skill level 3 in Dodging
  2798 | D:3      | Reached XP level 5. HP: 36/41 MP: 8/8
  3077 | D:4      | Got a brightly glowing silver amulet
  3223 | D:4      | Found a staircase to the Ecumenical Temple.
  3236 | Temple   | Entered the Ecumenical Temple
  3457 | D:4      | Noticed a phantom
  3483 | D:4      | HP: 4/41 [phantom (7)]
  3488 | D:4      | Killed a phantom
  3604 | D:4      | Found a stormy altar of Qazlal.
  3840 | D:5      | Entered Level 5 of the Dungeon
  4039 | D:5      | Reached skill level 4 in Fighting
  4039 | D:5      | Gained mutation: You are mostly covered in sharp spines.
                  | [demonic ancestry]
  4039 | D:5      | Reached XP level 6. HP: 40/48 MP: 9/9
  4107 | D:5      | Found a burning altar of Makhleb.
  4111 | D:5      | Found an iron altar of Okawaru.
  4112 | D:5      | Found a snail-covered altar of Cheibriados.
  4113 | D:5      | Found a blossoming altar of Fedhas.
  4116 | D:5      | Identified the amulet "Suusamej" {Inacc Int-2 Dex+6} (You
                  | found it on level 4 of the Dungeon)
  4119 | D:5      | Became a worshipper of Warmaster Okawaru
  4530 | D:6      | Reached skill level 2 in Invocations
  4546 | D:6      | Reached skill level 3 in Invocations
  4560 | D:6      | Reached skill level 4 in Invocations
  4877 | D:6      | Reached skill level 5 in Invocations
  4877 | D:6      | Reached XP level 7. HP: 53/54 MP: 9/11
  4938 | D:6      | Reached * piety under Okawaru
  4938 | D:6      | Reached skill level 6 in Invocations
  4942 | D:6      | Reached skill level 7 in Invocations
  5164 | D:6      | Reached skill level 8 in Invocations
  5292 | D:6      | HP: 5/54 [orc warrior/+0 scimitar (17)]
  5320 | D:6      | HP: 2/54 [something/puff of flame (8)]
  5322 | D:6      | Killed from afar by an orc wizard

Levels and vault maps discovered:
D:1:      dpeg_arrival_tiny_a, layout_loops_ring
D:2:      layout_basic, uniq_crazy_yiuf_cottage
D:3:      kennysheep_big_flooded_room, layout_basic, first_ration
D:4:      layout_gridville, kennysheep_mini_moat, minmay_temple_entry_wispy
D:5:      layout_loops_ring, minitemple
D:6:      layout_loops_corners
Temple:   regret_index_temple_sphere_string

Skill      XL: |  1  2  3  4  5  6  7 |
---------------+----------------------+-----
Long Blades    | 2 3 |  3.7
Dodging        | 2 3 |  3.6
Fighting       | 3 4 |  4.0
Invocations    | 5 8 |  8.5
Armour         | |  0.8
Spellcasting   | |  2.0
Charms         | |  2.6

Action                   |  1- 3 |  4- 6 |  7- 9 || total
-------------------------+-------+-------+-------++-------
Melee: Falchion          |   107 |   125 |    39 ||   271
       Punch             |       |       |     1 ||     1
 Cast: Infusion          |     2 |     1 |     1 ||     4
Invok: Heroism           |       |       |     2 ||     2
 Abil: Evoke Berserk Rag |       |       |     1 ||     1
  Use: Potion            |       |     1 |     1 ||     2
 Stab: Sleeping          |     3 |     5 |     2 ||    10
       Distracted        |       |     1 |       ||     1
  Eat: Chunk             |       |    13 |     2 ||    15
Armor: Leather armour    |    28 |    20 |    11 ||    59
Dodge: Dodged            |    74 |    75 |    38 ||   187
       Rpst.: Falchion   |    25 |    25 |     9 ||    59

Table legend:
 A = Non-vault XP
 B = Vault XP
 C = Vault XP percentage of total XP
 D = Non-vault monster count
 E = Vault monster count
 F = Vault count percentage of total count
                 A         B        C        D         E       F
            +---------+---------+-------+---------+---------+-------
      Total |    1350 |      15 |   1.1 |     100 |       2 |   2.0
            +---------+---------+-------+---------+---------+-------
        D:1 |      46 |       0 |   0.0 |      26 |       0 |   0.0
        D:2 |      63 |       0 |   0.0 |      18 |       0 |   0.0
        D:3 |      84 |      15 |  15.2 |      20 |       2 |   9.1
        D:4 |     152 |       0 |   0.0 |       6 |       0 |   0.0
        D:5 |      68 |       0 |   0.0 |       9 |       0 |   0.0
        D:6 |     937 |       0 |   0.0 |      21 |       0 |   0.0
            +---------+---------+-------+---------+---------+-------
